 Dungeon Crawl Stone Soup version 0.27.0-1-g7a089689b8 (webtiles) character file.

Game seed: 13727850412159499632

1509 Rumblestruts the Cleaver (level 8, 0/71 HPs)
             Began as a Minotaur Berserker on Aug 16, 2021.
             Was an Elder of Trog.
             Splashed by a jelly's acid (3 damage)
             ... on level 6 of the Dungeon.
             The game lasted 00:26:51 (4624 turns).

Rumblestruts the Cleaver (Minotaur Berserker)       Turns: 4624, Time: 00:26:52

Health: 0/71       AC: -4    Str: 21    XL:     8   Next: 53%
Magic:  7/7        EV:  9    Int:  4    God:    Trog [****..]
Gold:   251        SH:  0    Dex: 13    Spells: 7/7 levels left

rFire    . . .     SeeInvis +   o - +0 war axe
rCold    . . .     Faith    .   (no shield)
rNeg     . . .     Spirit   .   n - +0 chain mail
rPois    .         Reflect  .   (helmet restricted)
rElec    .         Harm     .   (no cloak)
rCorr    .         Rampage  .   p - +0 pair of gloves
Will     .....                  (no boots)
Stlth    ..........             d - amulet of regeneration
HPRegen  1.21/turn              q - ring of see invisible
MPRegen  0.10/turn              (no ring)

@: corroded
A: horns 2, retaliatory headbutt
a: Renounce Religion, Berserk, Trog's Hand, Brothers in Arms


You were on level 6 of the Dungeon.
You worshipped Trog.
Trog was greatly pleased with you.
You visited 1 branch of the dungeon, and saw 6 of its levels.

You collected 251 gold pieces.

Inventory:

Hand Weapons
 o - a +0 war axe (weapon)
Missiles
 a - a throwing net (quivered)
Armour
 n - a +0 chain mail (worn)
 p - a +0 pair of gloves (worn)
Jewellery
 d - an amulet of regeneration (around neck)
 m - a ring of positive energy
 q - a ring of see invisible (left hand)
 u - a +6 ring of dexterity
Wands
 j - a wand of digging (5)
 w - a wand of charming (18)
Scrolls
 b - a scroll of acquirement {unknown}
 f - 2 scrolls of amnesia {unknown}
 h - 3 scrolls of magic mapping {unknown}
 l - a scroll of blinking {unknown}
 r - a scroll of fear {unknown}
 s - 2 scrolls of identify
 t - 4 scrolls of teleportation {unknown}
 v - a scroll of fog {unknown}
 y - a scroll of enchant weapon {unknown}
Potions
 c - 2 potions of might
 e - a potion of mutation {unknown}
 g - a potion of heal wounds {unknown}
 i - a potion of lignification {unknown}
 k - 2 potions of degeneration
 x - a potion of curing {unknown}


   Skills:
 + Level 6.9 Fighting
 + Level 9.8 Axes
 + Level 5.6 Armour
 + Level 3.9 Dodging
 + Level 1.3 Stealth


You had 7 spell levels left.
You didn't know any spells.
Your spell library was empty.

Dungeon Overview and Level Annotations

Branches:
Dungeon (6/15)
 Temple: D:4-7

Altars:
Dithmenos
Hepliaklqana
Kikubaaqudgha
Wu Jian
Xom
The Shining One

Annotations:
D:3 3 runed translucent doors, stripedtigrrr's ghost, amateur OpAK


Innate Abilities, Weirdness & Mutations

You have a pair of horns on your head.
You reflexively headbutt those who attack you in melee.


Message History

The bullfrog is lightly wounded.
The bullfrog hits you but does no damage.
You closely miss the bullfrog. You headbutt the bullfrog.
The bullfrog is lightly wounded.
You completely miss the jelly. The bullfrog hits you.
The jelly hits you but does no damage.
The bullfrog hits you but does no damage.
You miss the bullfrog.
The bullfrog is lightly wounded.
You slash the jelly! The acid corrodes you!
Your hands burn!
The jelly hits you but does no damage. The bullfrog hits you.
You barely miss the bullfrog. You headbutt the bullfrog!
The bullfrog is severely wounded.
You hit the jelly. The acid corrodes you!
Your hands burn!
The bullfrog hits you but does no damage.
The jelly hits you but does no damage. The bullfrog hits you.
You closely miss the bullfrog.
The bullfrog is severely wounded.
You hit the jelly but do no damage.
Your hands burn!
The jelly hits you. The acid corrodes you!
You are splashed with acid.
The bullfrog hits you!
You hit the bullfrog.
The bullfrog is severely wounded.
You hit the jelly but do no damage.
Your hands burn!
The bullfrog closely misses you. You furiously retaliate!
You headbutt the bullfrog, but do no damage.
The jelly hits you.
You are splashed with acid!
The bullfrog barely misses you.
You slash the bullfrog!
You kill the bullfrog!
Trog accepts your kill.
You hit the jelly but do no damage.
Your hands burn!
The jelly hits you. The acid corrodes you!
You are splashed with acid!
* * * LOW HITPOINT WARNING * * *
You completely miss the jelly.
The jelly is almost dead.
The jelly hits you.
* * * LOW HITPOINT WARNING * * *
You are splashed with acid!
* * * LOW HITPOINT WARNING * * *
You hit the jelly but do no damage.
Your hands burn!
You die...

#.... #....
....####
......#
#....#####
#....#...
#....#.#
####...†J<#
#.....?@###
#.#######


You could see a jelly.

Vanquished Creatures
  Sigmund (D:2)
  A yak (D:4)
  Edmund (D:3)
  Blork the orc (D:4)
  A bullfrog (D:6)
  A scorpion (D:5)
  A water moccasin zombie (D:5)
  A water moccasin skeleton (D:5)
  2 vampire bats (D:4)
  3 jellies (D:4)
  A gnoll shaman (D:4)
  2 hounds (D:5)
  2 bullfrog skeletons
  A centaur skeleton (D:4)
  4 iguanas
  Ijyb (D:4)
  Terence (D:2)
  A killer bee zombie (D:4)
  Robin (D:2)
  4 gnolls (D:4)
  7 adders
  A howler monkey skeleton (D:5)
  A shadow imp (D:3)
  2 worms
  A dart slug (D:2)
  2 orcs (D:3)
  4 bat skeletons (D:4)
  A bat zombie (D:4)
  7 endoplasms
  2 giant cockroaches
  16 goblins
  12 hobgoblins
  17 jackals
  10 kobolds
  A quokka (D:2)
  11 ball pythons
  6 bats
  5 frilled lizards
  3 rats
  3 bushes (D:3)
143 creatures vanquished.

Vanquished Creatures (others)
  3 plants
3 creatures vanquished.

Grand Total: 146 creatures vanquished

Notes
Turn   | Place    | Note
-------+----------+-------------------------------------------
     0 | D:1      | Rumblestruts the Minotaur Berserker began the quest for the
                  | Orb.
     0 | D:1      | Reached XP level 1. HP: 19/19 MP: 0/0
   169 | D:1      | Found a faded altar of an unknown god.
   501 | D:1      | Reached XP level 2. HP: 27/27 MP: 1/1
   536 | D:2      | Noticed Robin
   541 | D:2      | Reached skill level 4 in Axes
   622 | D:1      | Reached ** piety under Trog
   717 | D:2      | Reached XP level 3. HP: 31/33 MP: 2/2
   838 | D:2      | Noticed Terence
   851 | D:2      | Killed Terence
   852 | D:2      | Reached XP level 4. HP: 41/41 MP: 3/3
  1100 | D:2      | Killed Robin
  1101 | D:2      | Reached skill level 5 in Axes
  1173 | D:3      | Reached *** piety under Trog
  1312 | D:2      | Noticed Sigmund
  1345 | D:2      | Killed Sigmund
  1346 | D:2      | Reached skill level 5 in Fighting
  1346 | D:2      | Reached skill level 6 in Axes
  1346 | D:2      | Reached XP level 5. HP: 48/48 MP: 4/4
  1346 | D:2      | Reached XP level 6. HP: 56/56 MP: 5/5
  1608 | D:4      | Noticed Edmund
  1625 | D:3      | Killed Edmund
  1626 | D:3      | Reached skill level 7 in Axes
  1651 | D:3      | Found a runed translucent gate.
  1651 | D:3      | Found a runed translucent gate.
  1651 | D:3      | Found a runed translucent gate.
  1651 | D:3      | Noticed stripedtigrrr's ghost (amateur OpAK)
  2534 | D:4      | Found a shimmering altar of Xom.
  2578 | D:4      | Noticed a yak
  2586 | D:4      | Killed a yak
  2587 | D:4      | Reached XP level 7. HP: 62/62 MP: 6/6
  2916 | D:4      | Found a glowing golden altar of the Shining One.
  2949 | D:5      | Entered Level 5 of the Dungeon
  3030 | D:4      | Noticed Blork the orc
  3034 | D:4      | Killed Blork the orc
  3035 | D:4      | Reached skill level 8 in Axes
  3133 | D:4      | Reached **** piety under Trog
  3293 | D:4      | Noticed a shadow
  3294 | D:4      | Found a shadowy altar of Dithmenos.
  3296 | D:4      | Found a hazy altar of Hepliaklqana.
  3393 | D:4      | Found an ancient bone altar of Kikubaaqudgha.
  3687 | D:4      | Reached XP level 8. HP: 67/70 MP: 7/7
  3877 | D:4      | Reached skill level 9 in Axes
  4125 | D:4      | Noticed Ijyb
  4135 | D:4      | Killed Ijyb
  4136 | D:4      | Reached skill level 5 in Armour
  4377 | D:5      | Found an ornate altar of the Wu Jian Council.
  4450 | D:5      | Reached skill level 1 in Stealth
  4623 | D:6      | HP: 3/71 [acid (11)]
  4624 | D:6      | Splashed by a jelly's acid

Illustrated notes

Levels and vault maps discovered:
D:1:      psy_arrival_conway, layout_basic, shapermc_ecumenical_altar_notcrosses
D:2:      layout_basic, minmay_rat_hole, uniq_terence, uniq_sigmund, uniq_robin
D:3:      layout_loops_cross, serial_forest, infiniplex_forest_clump_medium,
          infiniplex_forest_lined_room_3, infiniplex_forest_clump_small,
          infiniplex_forest_straight_2, infiniplex_forest_end_1,
          ebering_ghost_rock_garden, minmay_between
D:4:      minmay_thick_lines, layout_basic, riverfiend_overflow_shadow_ancestor,
          mainiacjoe_overflow_cross_hatched, xom_teletrap_fun,
          kennysheep_vampire_church, uniq_edmund, uniq_blork_the_orc, uniq_ijyb
D:5:      layout_loops_ring, mainiacjoe_overflow_24_doors,
          amcnicky_altar_gilded, lemuel_flamethrower_2
D:6:      layout_basic, minmay_temple_entry_overgrown, gammafunk_ghost_split,
          gup_sewer_entry_spiral, uniq_menkaure, uniq_grinder

Skill      XL: |  1  2  3  4  5  6  7  8 |
---------------+-------------------------+-----
Fighting       | 4 5 6 |  6.9
Axes           | 4 6 7 8 9 |  9.8
Armour         | 3 4 5 |  5.6
Dodging        | 3 |  3.9
Stealth        | 1 |  1.3

Action                   |  1- 3 |  4- 6 |  7- 9 || total
-------------------------+-------+-------+-------++-------
Melee: Hand axe          |    63 |    56 |       ||   119
       Headbutt          |    10 |    67 |    31 ||   108
       War axe           |       |   156 |   148 ||   304
Invok: Berserk           |     4 |     5 |     6 ||    15
       Trog's Hand       |       |     1 |     1 ||     2
  Use: Scroll            |       |       |     2 ||     2
 Stab: Sleeping          |       |     1 |       ||     1
Armor: Animal skin       |    11 |     8 |       ||    19
       Chain mail        |       |    33 |    83 ||   116
Dodge: Dodged            |    36 |    66 |    80 ||   182
